 Dungeon Crawl Stone Soup version 0.32-a0-893-gf85d74f360 (webtiles) character file.

Game seed: 16871092131621398545

53537 pokeman the Eclecticist (level 14, -3/78 HPs)
             Began as a Deep Elf Hedge Wizard on Apr 4, 2024.
             Was a High Priest of Vehumet.
             Slain by a fire elemental (12 damage)
             ... summoned by a deep elf pyromancer
             ... on level 14 of the Dungeon.
             The game lasted 01:09:58 (24785 turns).

pokeman the Eclecticist (Deep Elf Hedge Wizard)    Turns: 24785, Time: 01:09:59

Health: -3/78      AC: 10    Str:  7    XL:     14   Next: 31%
Magic:  26/40      EV: 11    Int: 37    God:    Vehumet [*****.]
Gold:   2372       SH:  5    Dex: 12    Spells: 22/54 levels left

rFire   . . .        L - +4 hand axe (venom)
rCold   . . .        b - +0 buckler
rNeg    . . .        S - +0 steam dragon scales
rPois   .            w - +1 helmet
rElec   .            (no cloak)
rCorr   .            v - +0 pair of gloves of the Barber Surgeon {Harm Regen+ Dex-2 SInv}
SInv    +            x - +0 pair of boots
Will    +....        G - amulet of regeneration
Stlth   ++           e - +6 ring of intelligence
HPRegen 1.93/turn    a - +6 ring of intelligence
MPRegen 0.27/turn

%: harm (+30% outgoing, +20% incoming)
@: no status effects
A: no striking features
a: Renounce Religion


You were on level 14 of the Dungeon.
You worshipped Vehumet.
Vehumet was extremely pleased with you.
You visited 3 branches of the dungeon, and saw 20 of its levels.
You also visited: Ossuary and Bailey.

You collected 3204 gold pieces.
You spent 832 gold pieces at shops.

Inventory:

Hand Weapons
 L - a +4 hand axe of venom (weapon)
Missiles
 U - 2 throwing nets
 V - a curare-tipped dart
Armour
 b - a +0 buckler (worn)
 v - the +0 pair of gloves of the Barber Surgeon (worn) {Harm Regen+ Dex-2 SInv}
   (You found it on level 8 of the Dungeon)

   Dex-2:     It affects your dexterity (-2).
   SInv:      It lets you see invisible.
   Regen+:    It increases your rate of health regeneration.
   Harm:      It increases damage dealt and taken.
 w - a +1 helmet (worn)
 x - a +0 pair of boots (worn)
 F - a +2 robe of cold resistance
 M - a +3 ring mail of fire resistance
 S - +0 steam dragon scales (worn)
Jewellery
 a - a +6 ring of intelligence (right hand)
 c - a ring of ice
 e - a +6 ring of intelligence (left hand)
 j - a ring of ice
 y - a ring of ice
 G - an amulet of regeneration (around neck)
 O - a ring of protection from fire
 P - a ring of fire
 W - an amulet of reflection
Wands
 z - a wand of acid (9)
 B - a wand of paralysis (36)
 C - a wand of warping (24)
Scrolls
 f - 2 scrolls of identify
 g - 5 scrolls of revelation
 h - a scroll of fog
 i - 10 scrolls of teleportation
 J - a scroll of blinking
Potions
 d - 2 potions of magic
 s - 8 potions of curing
 D - 5 potions of heal wounds
 N - a potion of haste


   Skills:
 - Level 5.0 Fighting
 + Level 5.0 Armour
 - Level 3.0 Dodging
 - Level 3.0 Stealth
 - Level 6.0 Shields
 * Level 20.6 Spellcasting
 + Level 12.4 Conjurations
 - Level 1.1 Summonings
 - Level 2.0 Necromancy
 - Level 1.1 Translocations
 + Level 2.0 Fire Magic
 + Level 12.1 Ice Magic
 - Level 1.1 Air Magic
 - Level 1.0 Alchemy
 - Level 1.0 Evocations


You had 22 spell levels left.
You knew the following spells:

 Your Spells              Type           Power      Damage    Failure   Level
a - Magic Dart            Conj           100%       1d8       0%          1
b - Mephitic Cloud        Conj/Alch/Air  65%        N/A       1%          3
c - Call Imp              Summ           92%        N/A       1%          2
d - Blink                 Tloc           92%        N/A       1%          2
e - Iskenderun's Battles  Conj           92%        2d14      1%          5
f - Fulminant Prism       Conj/Alch      36%        3d17      1%          4
g - Sculpt Simulacrum     Ice/Alch       36%        N/A       11%         6
h - Ignite Poison         Fire/Alch      49%        N/A       1%          4
i - Freezing Cloud        Conj/Ice/Air   39%        6-21      1%          5

Your spell library contained the following spells:

 Spells                   Type           Power      Damage    Failure   Level
 Olgreb's Toxic Radiance  Alch           46%        N/A       1%          4
 Searing Ray              Conj           100%       2d8       0%          2
 Apportation              Tloc           92%        N/A       1%          1
 Necrotise                Necr           100%       1d9       1%          1
 Sandblast                Erth           76%        2d16      1%          1
 Slow                     Hex            100%       N/A       1%          1
 Sting                    Conj/Alch      100%       1d9       1%          1
 Summon Small Mammal      Summ           100%       N/A       1%          1
 Cigotuvi's Dreadful Rot  Necr/Alch/Air  96%        N/A       1%          2
 Lesser Beckoning         Tloc           92%        N/A       1%          2
 Momentum Strike          Conj/Tloc      100%       3d10      1%          2
 Stone Arrow              Conj/Erth      100%       3d13      1%          3
 Volatile Blastmotes      Fire/Tloc      98%        2d18      1%          3
 Brom's Barrelling Bould  Conj/Erth      71%        2d8       1%          4
 Passwall                 Erth           38%        N/A       3%          3
 Sigil of Binding         Hex            38%        N/A       3%          3
 Bombard                  Conj/Erth      35%        9d6       3%          6
 Animate Dead             Necr           52%        N/A       4%          4
 Vhi's Electric Charge    Tloc/Air       92%        N/A       7%          4
 Spellforged Servitor     Conj/Summ      36%        N/A       16%         7
 Summon Forest            Summ/Tloc      23%        N/A       19%         5
 Borgnjor's Vile Clutch   Necr/Erth      22%        N/A       21%         5
 Eringya's Noxious Bog    Alch           23%        4d6       28%         6
 Death Channel            Necr           26%        N/A       58%         6
 Summon Hydra             Summ           23%        N/A       99%         7


Dungeon Overview and Level Annotations

Branches:
Dungeon (14/15)            Temple (1/1) D:6            Lair (5/5) D:11
  Swamp (0/4) Lair:2        Snake (0/4) Lair:2        Slime (0/5) Lair:4
    Orc (0/2) D:10        Ossuary (visited)          Bailey (visited)
 Vaults: D:13-14

Altars:
Ashenzari
Cheibriados
Dithmenos
Elyvilon
Fedhas
Gozag
Hepliaklqana
Kikubaaqudgha
Makhleb
Nemelex Xobeh
Okawaru
Qazlal
Ru
Sif Muna
Trog
Uskayaw
Vehumet
Wu Jian
Xom
Yredelemnul
Zin
The Shining One

Shops:
D:3 (   D:6 =:*   D:10 *   D:11 ?   D:13 =

Annotations:
D:7 2 transporters, Heh's ghost, novice OpAl
D:14 Agnes


Message History

The fire elemental completely resists.
You hear a sizzling sound!
The efreet is engulfed in freezing vapours.
The efreet gestures at you.
The fireball explodes!
The fireball engulfs you!!
You hear a sizzling sound! x6
The centaur wields a +0 shortbow.
The centaur shoots an arrow.
The arrow hits you.
The fire elemental is engulfed in freezing vapours.
Unknown command.
Casting: Freezing Cloud (mildly dangerous; 1% risk of failure)
Confirm with . or Enter, or press ? or * to list all spells.
You conjure a globe of magical energy.
The centaur shoots an arrow.
The arrow hits you.
The efreet is engulfed in freezing vapours.
You kill the efreet!
Vehumet accepts your kill.
You feel your power returning.
The deep elf pyromancer is engulfed in freezing vapours.
The fire elemental barely misses you.
Your Fire Magic skill increases to level 2!
Unknown command.
Unknown command.
Casting: Iskenderun's Battlesphere (safe; 1% risk of failure)
Confirm with . or Enter, or press ? or * to list all spells.
Aiming: Magic Dart (safe; 0% risk of failure)
Press: ? - help, Shift-Dir - straight line, f/p - fire elemental
Aim: a fire elemental (summoned, 100% to hit)
The magic dart hits the fire elemental.
The fire elemental is lightly damaged.
Your battlesphere fires!
The barrage of energy hits the fire elemental!
The fire elemental is almost destroyed.
Your battlesphere is engulfed in freezing vapours.
The centaur warrior shoots an arrow.
The arrow hits you!!
* * * LOW HITPOINT WARNING * * *
The centaur shoots an arrow.
You block the arrow. The fire elemental misses you.
The fire elemental hits you. The fire elemental burns you!
You die...

#...#
#...#
##c..##
§cc..
.§§§
#§§#
#.^#
#@.#
#EE#
#°*#
§e§#
§.:.
######


You could see a centaur warrior, a deep elf pyromancer, 2 fire elementals, 2
centaurs and a friendly battlesphere.

Vanquished Creatures
  Gastronok (D:8)
  Kirke (Lair:4)
  A very ugly thing (D:13)
  The ghost of ragingrage the Marksdjinni, a journeyman DjAr of Okawaru (D:11)
  An eleionoma (Lair:2)
  A yaktaur captain (D:13)
  2 catoblepae
  2 two-headed ogres
  3 boulder beetles
  A deep troll earth mage (D:13)
  A centaur warrior (D:13)
  A tengu warrior (D:13)
  Urug (D:10)
  3 skysharks
  A skeletal warrior (D:13)
  An orc knight (D:10)
  2 ugly things
  3 manticores
  2 cyclopes
  A salamander (Lair:2)
  A guardian serpent (shapeshifter) (D:13)
  3 black mambas
  A torpor snail (Lair:3)
  14 cane toads
  3 gargoyles
  2 unseen horrors
  4 rime drakes
  6 komodo dragons
  2 efreet
  2 freezing wraiths (D:13)
  4 trolls
  12 blink frogs
  12 dream sheep
  3 tyrant leeches (Lair:5)
  2 shadows
  3 slime creatures (D:12)
  2 wraiths
  4 wyverns
  7 basilisks
  A vampire (Bailey)
  Eustachio (D:4)
  3 hogs (Lair:4)
  50 yaks
  3 steam dragons
  6 vampire mosquitoes
  Grum (D:9)
  3 nagas (Lair:2)
  10 water moccasins
  3 sky beasts (D:9)
  4 black bears
  A laughing skull (D:10)
  A boggart (D:13)
  An orc warrior (D:8)
  2 ice beasts
  9 wolves
  9 centaurs
  A kobold brigand (D:10)
  Blork the orc (D:5)
  8 bullfrogs
  A gnoll sergeant (D:5)
  2 scorpions (D:6)
  4 elf skeletons (D:5)
  A burial acolyte (Ossuary)
  10 wights
  5 killer bees (D:10)
  9 wolf zombies (Bailey)
  4 bombardier beetles
  7 vampire bats (Bailey)
  2 electric eels (Lair:5)
  3 howler monkeys
  3 hounds
  A jelly (D:8)
  7 orc priests
  A gnoll bouda (D:10)
  An iron imp (D:9)
  A human skeleton (D:5)
  Natasha (thrice) (D:2)
  3 iguanas
  12 orc wizards
  7 hell rats (Lair:5)
  Robin (D:4)
  13 gnolls
  12 adders
  2 shadow imps
  A white imp (D:6)
  2 ufetubi (D:6)
  2 dart slugs
  3 ribbon worms
  27 orcs
  An endoplasm (D:3)
  5 giant cockroaches
  15 goblins
  9 hobgoblins
  3 quokkas
  5 ball pythons
  2 ball python skeletons (Ossuary)
  9 bats
  8 frilled lizards
  A hobgoblin skeleton (Ossuary)
  9 kobolds
  4 orc skeletons
  20 orc zombies (Bailey)
  2 rats (D:2)
478 creatures vanquished.

Vanquished Creatures (collateral kills)
  An ice beast (D:8)
  An elf zombie (D:5)
  A scorpion (D:4)
  A vampire bat (Bailey)
  A centaur skeleton (Ossuary)
  A gnoll bouda (D:5)
  2 human skeletons (D:5)
  An orc wizard (D:8)
  An adder (D:6)
  An adder skeleton (Ossuary)
  An orc (D:8)
  A ball python (D:2)
  A goblin (D:3)
  2 ball python skeletons (Ossuary)
16 creatures vanquished.

Vanquished Creatures (others)
  15 fulminant prisms
15 creatures vanquished.

Grand Total: 509 creatures vanquished

Notes
Turn   | Place    | Note
-------+----------+-------------------------------------------
     0 | D:1      | pokeman the Deep Elf Hedge Wizard began the quest for the
                  | Orb.
     0 | D:1      | Reached XP level 1. HP: 10/10 MP: 7/7
   368 | D:1      | Reached XP level 2. HP: 16/16 MP: 5/9
   772 | D:2      | Reached skill level 5 in Spellcasting
   772 | D:2      | Reached XP level 3. HP: 20/20 MP: 5/11
   776 | D:2      | Learned a level 3 spell: Mephitic Cloud
   779 | D:2      | Learned a level 2 spell: Call Imp
   782 | D:2      | Learned a level 2 spell: Blink
   819 | D:2      | Noticed Natasha
   823 | D:2      | Killed Natasha
   824 | D:2      | Reached skill level 1 in Fighting
   824 | D:2      | Reached skill level 1 in Armour
   968 | D:2      | Reached XP level 4. HP: 25/25 MP: 1/13
  1150 | D:2      | Noticed Natasha
  1157 | D:2      | Killed Natasha
  1262 | D:2      | Reached XP level 5. HP: 17/29 MP: 2/15
  1263 | D:2      | Reached skill level 6 in Spellcasting
  1295 | D:2      | Noticed Natasha
  1318 | D:2      | Killed Natasha
  1851 | D:3      | Reached skill level 1 in Evocations
  1981 | D:3      | Reached skill level 1 in Air Magic
  2116 | D:3      | Found an ornate altar of the Wu Jian Council.
  2200 | D:3      | Reached skill level 1 in Necromancy
  2200 | D:3      | Reached skill level 1 in Alchemy
  2200 | D:3      | Reached XP level 6. HP: 24/34 MP: 9/17
  3216 | D:3      | Found Veveih's Antique Weapon Emporium.
  3804 | D:4      | Noticed Robin
  3958 | D:4      | Killed Robin
  3959 | D:4      | Reached skill level 7 in Spellcasting
  4203 | D:4      | Found a basalt altar of Yredelemnul.
  4238 | D:4      | Learned a level 6 spell: Sculpt Simulacrum
  4359 | D:4      | Found an iron altar of Okawaru.
  4464 | D:4      | Noticed Eustachio
  4491 | D:4      | Killed Eustachio
  4492 | D:4      | Reached skill level 1 in Ice Magic
  4492 | D:4      | Reached XP level 7. HP: 39/39 MP: 10/20
  5005 | D:5      | Entered Level 5 of the Dungeon
  5194 | D:5      | Reached skill level 8 in Spellcasting
  5199 | D:5      | Noticed Blork the orc
  5528 | D:5      | Reached XP level 8. HP: 16/44 MP: 22/22
  5535 | D:5      | Found a sand-covered staircase.
  5569 | Ossuary  | Entered an ossuary
  5842 | Ossuary  | Reached skill level 9 in Spellcasting
  6284 | D:5      | Reached skill level 5 in Conjurations
  6387 | D:5      | Killed Blork the orc
  6668 | D:5      | Reached skill level 10 in Spellcasting
  6924 | D:5      | Reached XP level 9. HP: 48/48 MP: 16/25
  7386 | D:6      | Found a staircase to the Ecumenical Temple.
  7393 | Temple   | Found a transporter.
  7393 | Temple   | Found a transporter.
  7393 | Temple   | Found a transporter.
  7393 | Temple   | Found a transporter.
  7393 | Temple   | Entered the Ecumenical Temple
  7470 | D:6      | Found Avoinuil's General Store.
  7478 | D:6      | Bought a potion of curing for 42 gold pieces
  7478 | D:6      | Bought a potion of heal wounds for 70 gold pieces
  7814 | D:6      | Found Tucriu Riyg's Book Shop.
  7980 | D:6      | Found a shimmering altar of Xom.
  7983 | D:6      | Found a radiant altar of Vehumet.
  7985 | D:6      | Found an ancient bone altar of Kikubaaqudgha.
  8129 | D:6      | Reached skill level 11 in Spellcasting
  8244 | D:6      | Found Coebb's Jewellery Boutique.
  8437 | D:7      | Found a transporter.
  8437 | D:7      | Noticed Heh's ghost (novice OpAl)
  8467 | D:6      | Became a worshipper of Vehumet
  8635 | D:7      | Found a transporter.
  8735 | D:7      | Reached skill level 5 in Ice Magic
  9246 | D:8      | Noticed Gastronok
  9277 | D:8      | Identified the +0 pair of gloves of the Barber Surgeon
                  | {Harm Regen+ Dex-2 SInv}
  9367 | D:8      | Reached * piety under Vehumet
  9367 | D:8      | Offered knowledge of Sting by Vehumet.
  9382 | D:8      | Found a flagged portal.
  9394 | Bailey   | Entered a bailey
  9827 | Bailey   | Noticed a gargoyle
  9833 | Bailey   | Killed a gargoyle
  9834 | Bailey   | Reached skill level 12 in Spellcasting
  9871 | Bailey   | Identified the +5 battleaxe "Silicyll" {heavy, Dex+2}
  9917 | Bailey   | Offered knowledge of Mercury Vapours by Vehumet.
  9921 | Bailey   | Reached XP level 10. HP: 56/56 MP: 28/28
  9923 | Bailey   | Reached ** piety under Vehumet
 10785 | D:8      | Learned a level 4 spell: Fulminant Prism
 11172 | D:8      | Killed Gastronok
 11173 | D:8      | Reached skill level 13 in Spellcasting
 11411 | D:9      | Found a burning altar of Makhleb.
 11414 | D:9      | Offered knowledge of Static Discharge by Vehumet.
 11527 | D:9      | Learned a level 5 spell: Iskenderun's Battlesphere
 11549 | D:9      | Noticed Grum
 11560 | D:9      | Killed Grum
 11708 | D:9      | Reached skill level 14 in Spellcasting
 11935 | D:9      | Reached skill level 5 in Fighting
 12207 | D:9      | Noticed a two-headed ogre
 12210 | D:9      | Killed a two-headed ogre
 12210 | D:9      | Reached *** piety under Vehumet
 12211 | D:9      | Reached XP level 11. HP: 63/63 MP: 27/31
 12445 | D:10     | Entered Level 10 of the Dungeon
 12449 | D:10     | Identified the +0 scale mail of Evolution {rC+++ MP-9 Str-4
                  | Int+4}
 12522 | D:10     | Noticed a two-headed ogre
 12527 | D:10     | Killed a two-headed ogre
 12548 | D:10     | Found a staircase to the Orcish Mines.
 12660 | D:10     | Noticed Urug
 12670 | D:10     | Killed Urug
 12671 | D:10     | Reached skill level 15 in Spellcasting
 12689 | D:10     | Offered knowledge of Dazzling Flash by Vehumet.
 12886 | D:10     | Found Fil Loov's Lightly-Used Armoury.
 13405 | D:10     | Noticed an orc knight
 13418 | D:10     | Killed an orc knight
 13860 | D:11     | Found a staircase to the Lair.
 14067 | D:11     | Found Olabbeni's Magic Scroll Emporium.
 14075 | D:11     | Bought a scroll of identify for 34 gold pieces
 14075 | D:11     | Bought a scroll of revelation for 127 gold pieces
 14075 | D:11     | Bought a scroll of teleportation for 51 gold pieces
 14075 | D:11     | Bought a scroll of noise for 17 gold pieces
 14075 | D:11     | Bought a scroll of revelation for 127 gold pieces
 14259 | D:11     | Noticed a boulder beetle
 14273 | D:11     | Killed a boulder beetle
 14274 | D:11     | Reached skill level 16 in Spellcasting
 14730 | D:11     | Found a runed translucent door.
 14730 | D:11     | Noticed ragingrage's ghost (journeyman DjAr)
 14767 | D:11     | Killed ragingrage's ghost
 15073 | D:12     | Noticed a white ugly thing
 15080 | D:12     | Killed a white ugly thing
 15153 | D:12     | Noticed a boulder beetle
 15170 | D:12     | Killed a boulder beetle
 15171 | D:12     | Reached XP level 12. HP: 40/68 MP: 26/34
 15338 | D:12     | Reached skill level 5 in Armour
 15626 | D:12     | Noticed a boulder beetle
 15639 | D:12     | Killed a boulder beetle
 15736 | D:12     | Reached skill level 1 in Shields
 15885 | D:12     | Reached skill level 10 in Conjurations
 15886 | D:12     | Reached **** piety under Vehumet
 16467 | D:13     | Identified a scroll of acquirement
 16561 | D:13     | Reached skill level 17 in Spellcasting
 16842 | D:13     | Noticed a centaur warrior
 16849 | D:13     | Killed a centaur warrior
 16912 | D:13     | Noticed a red very ugly thing
 16995 | Lair:1   | Entered Level 1 of the Lair of Beasts
 17014 | Lair:1   | Offered knowledge of Hailstorm by Vehumet.
 17275 | Lair:1   | Reached skill level 10 in Ice Magic
 17589 | Lair:1   | Found a shimmering blue altar of Sif Muna.
 18050 | Lair:2   | Found a staircase to the Swamp.
 18050 | Lair:2   | Noticed an eleionoma
 18061 | Lair:2   | Killed an eleionoma
 18080 | Lair:2   | Reached skill level 18 in Spellcasting
 18642 | Lair:2   | Reached XP level 13. HP: 72/72 MP: 32/37
 18795 | Lair:2   | Found a staircase to the Snake Pit.
 20522 | Lair:4   | Reached skill level 19 in Spellcasting
 20522 | Lair:4   | Noticed Kirke
 20542 | Lair:4   | Killed Kirke
 21449 | Lair:4   | Found a staircase to the Slime Pits.
 21754 | Lair:5   | Entered Level 5 of the Lair of Beasts
 22087 | Lair:5   | Reached skill level 5 in Shields
 22343 | Lair:5   | Reached ***** piety under Vehumet
 22393 | Lair:5   | Offered knowledge of Olgreb's Toxic Radiance by Vehumet.
 22441 | Lair:5   | Identified the amulet "Dietis" {Spirit SInv Stlth+}
 22498 | Lair:5   | Reached skill level 20 in Spellcasting
 22636 | Lair:5   | Reached XP level 14. HP: 78/78 MP: 32/40
 23031 | Lair:5   | Identified the staff "Joprauh" {rPois SInv Air Alchemy}
 23585 | Temple   | Acquired 706 gold pieces
 23586 | Temple   | Acquired 941 gold pieces
 23656 | D:6      | Bought a Trismegistus Codex for 364 gold pieces
 23661 | D:6      | Learned a level 4 spell: Ignite Poison
 23667 | D:6      | Learned a level 5 spell: Freezing Cloud
 23860 | D:13     | Killed a red very ugly thing
 24062 | D:13     | Found Deiqawong's Jewellery Shoppe.
 24195 | D:13     | Reached skill level 1 in Fire Magic
 24709 | D:14     | Noticed Agnes
 24715 | D:14     | HP: 3/78 [Agnes/+0 lajatang of electrocution (19)]
 24785 | D:14     | Slain by a fire elemental

Illustrated notes

Levels and vault maps discovered:
D:1:      mrwooster_arrival_statue_3, layout_rooms
D:2:      layout_rooms, grunt_ministairs_14, minmay_domino_4, uniq_natasha
D:3:      layout_loops_ring, nicolae_wu_jian_immortal_techniques, serial_shops,
          nicolae_shop_rolling_square, corexii_item_surrounded_by_moat,
          st_stairs_9
D:4:      layout_basic, okawaru_gym_becter, mainiacjoe_overflow_chevrons,
          minmay_hedge_maze, nicolae_zen_rock_garden, grunt_ministairs_4,
          uniq_eustachio, uniq_robin
D:5:      layout_basic, nicolae_ossuary_entry_catacombs,
          kb_lookout_dungeons_type, uniq_blork_the_orc
D:6:      layout_loops_ring, nicolae_overflow_hidden_temple,
          minmay_temple_entry_statues_fountains, serial_shops,
          nicolae_shop_peninsula, shop, nicolae_shop_trees,
          hangedman_abyss_or_decor_lesser_grid, minmay_quadrilaterals
D:7:      layout_cave_pools, gammafunk_ghost_arena
D:8:      layout_loops_ring, enter_bailey_3, uniq_gastronok
D:9:      layout_irregular_city, demons_altar, serial_column_ruins,
          column_ruins_square_small, column_ruins_grid_4, column_ruins_grid_1,
          column_ruins_grid_3, column_ruins_columns_straight,
          column_ruins_grid_1, column_ruins_corridor_water,
          hangedman_misty_isle, uniq_grum
D:10:     minmay_chambers_of_sixes, layout_irregular_city, orc_0_dummy,
          minmay_shop_damaged, dreamdust_gnoll_shepherd, uniq_urug
D:11:     layout_stronghold, david_lair_generic, gammafunk_ghost_grave,
          serial_shops, nicolae_shop_temple_entry_statues_fountains
D:12:     layout_grid_maze
D:13:     minmay_two_paths, layout_cave_pools, serial_shops, shop,
          hangedman_glass_teeth
D:14:     layout_long_grid, erik_vaults_1, nicolae_ru_awakened_eye, uniq_agnes,
          uniq_josephine, uniq_lodul
Temple:   hellmonk_temple_divided_pantheon
Lair:1:   layout_gridlike, basic_altar, infiniplex_staircase_pool,
          grunt_megastairs_3, serial_bayou_shore_b, serial_bayou_shore_b
Lair:2:   layout_regular_city, alex1729_swamp_entry_worm_eleionoma,
          alex1729_snake_entry_snake
Lair:3:   layout_long_grid, grunt_megastairs_5
Lair:4:   layout_cave_shapes, dpeg_slime_entry_corner,
          chequers_serial_rivers_large_b, minmay_stone_trees_small,
          grunt_forest_small_clearing_treed, uniq_kirke
Lair:5:   minmay_lair_end_frog_pond, layout_gridlike, minivault_26

Skill      XL: |  1  2  3  4  5  6  7  8  9 10 11 12 13 14 |
---------------+-------------------------------------------+-----
Spellcasting   | 5 6 7 8 10 12 14 16 18 20 | 20.6
Fighting       | 1 2 3 5 |  5.0
Armour         | 1 3 4 5 |  5.0
Conjurations   | 2 3 4 5 7 8 9 10 12 | 12.4
Stealth        | 3 |  3.0
Dodging        | 3 |  3.0
Evocations     | 1 |  1.0
Air Magic      | 1 |  1.1
Necromancy     | 1 2 |  2.0
Alchemy        | 1 |  1.0
Ice Magic      | 1 2 4 6 7 9 10 11 12 | 12.1
Shields        | 3 5 6 |  6.0
Fire Magic     | 2 |  2.0
Summonings     | |  1.1
Translocations | |  1.1

Action                     |  1- 3 |  4- 6 |  7- 9 | 10-12 | 13-15 || total
---------------------------+-------+-------+-------+-------+-------++-------
  Melee: Dagger            |     5 |    38 |       |       |       ||    43
         Whip              |       |    13 |   244 |       |       ||   257
         Hand axe          |       |       |    38 |    15 |    24 ||    77
   Cast: Magic Dart        |    58 |   162 |   291 |   475 |   347 ||  1333
         Mephitic Cloud    |     2 |    15 |    34 |    30 |    37 ||   118
         Call Imp          |       |     5 |    21 |     2 |       ||    28
         Blink             |       |    55 |     4 |     5 |    11 ||    75
         Fulminant Prism   |       |       |       |    15 |       ||    15
         Iskenderun's Batt |       |       |       |    63 |    68 ||   131
         Freezing Cloud    |       |       |       |       |     7 ||     7
         Ignite Poison     |       |       |       |       |     7 ||     7
  Evoke: Wand              |       |       |    11 |       |       ||    11
    Use: Scroll            |       |       |       |    23 |     5 ||    28
   Stab: Confused          |     1 |     7 |    20 |     2 |     2 ||    32
         Distracted        |       |     1 |     1 |       |       ||     2
         Paralysed         |       |       |     8 |       |       ||     8
         Sleeping          |       |       |     2 |       |       ||     2
 Armour: Robe              |     3 |    35 |   284 |    75 |       ||   397
         Steam dragon scal |       |       |       |    59 |   156 ||   215
  Dodge: Dodged            |     9 |    67 |   246 |   101 |    83 ||   506
  Block: Buckler           |       |       |       |       |     5 ||     5

Table legend: (Time is in decaauts)
 A = Elapsed time spent in this place.
 B = Non-inter-level travel time spent in this place.
 C = Inter-level travel time spent in this place.
 D = Time resting spent in this place.
 E = Time spent auto-exploring this place.
 F = Levels seen in this place.
 G = Mean time per level.
                   A        B        C        D        E       F      G
               +--------+--------+--------+--------+--------+-----+--------+
         Total |  24915 |  23328 |   1587 |    885 |  17709 |  22 | 1132.5 |
       Dungeon |  16503 |  15287 |   1216 |    707 |  11350 |  14 | 1178.8 |
        Temple |    111 |     95 |     16 |      0 |      0 |   1 |  111.0 |
          Lair |   6515 |   6161 |    354 |    138 |   5117 |   5 | 1303.0 |
       Ossuary |    688 |    688 |      0 |      0 |    495 |   1 |  688.0 |
        Bailey |   1096 |   1096 |      0 |     40 |    747 |   1 | 1096.0 |
               +--------+--------+--------+--------+--------+-----+--------+

Top non-repeatable levels by time:
     D:3: 2044 daAuts
  Lair:4: 1739 daAuts
     D:5: 1564 daAuts
    D:12: 1466 daAuts
  Lair:5: 1341 daAuts
    D:13: 1285 daAuts
     D:4: 1284 daAuts
  Lair:3: 1278 daAuts
    D:10: 1264 daAuts
    D:11: 1259 daAuts
     D:6: 1248 daAuts
     D:8: 1194 daAuts
     D:9: 1170 daAuts
  Lair:2: 1166 daAuts
  Bailey: 1096 daAuts
